| TOP OF THE 1ST |
|
Mississippi Braves batting - Pitching for Columbia Fireflies : RHP Paul Schaecher
|
|
Pitching: RHP Paul Schaecher
|
|
|
Batting: LHB Rodolfo Cano
|
0-0: Swinging Strike 0-1: Foul Ball, location: 2F 0-2: Foul Ball, location: 2F 0-2: Ball 1-2: Strikes out swinging
|
|
Batting: LHB Raul Guarjardo
|
0-0: Called Strike 0-1: Called Strike 0-2: Fly out, F7 (Flyball, 7LS, EV 78.1 MPH)
|
|
Batting: RHB Tim Nettles
|
0-0: Called Strike 0-1: Ball 1-1: Foul Ball, location: 2F 1-2: Ball 2-2: Fly out, F8 (Flyball, 8RD, EV 101.2 MPH)
|
| Top of the 1st over - 0 runs, 0 hits, 0 errors, 0 left on base; Mississippi 0 - Columbia 0 |
| BOTTOM OF THE 1ST |
|
Columbia Fireflies batting - Pitching for Mississippi Braves : RHP Nate Davis
|
|
Pitching: RHP Nate Davis
|
|
|
Batting: RHB Billy Walker
|
0-0: Ball 1-0: Foul Ball, location: 2F 1-1: Ball 2-1: Fly out, F9 (Flyball, 9LM, EV 90.0 MPH)
|
|
Batting: LHB Roy Riess
|
0-0: Ball 1-0: Called Strike 1-1: TRIPLE (Flyball, 78XD, EV 91.9 MPH)
|
|
Batting: LHB Pete DeHart
|
0-0: Foul Ball, location: 2F 0-1: Ball 1-1: Ball 2-1: Foul Ball, location: 2F 2-2: Strikes out swinging
|
|
Batting: RHB Jeff MacPhee
|
0-0: Called Strike 0-1: Ball 1-1: Foul Ball, location: 2F 1-2: Foul Ball, location: 2F 1-2: Ball 2-2: Strikes out looking
|
| Bottom of the 1st over - 0 runs, 1 hit, 0 errors, 1 left on base; Mississippi 0 - Columbia 0 |
| TOP OF THE 2ND |
|
Mississippi Braves batting - Pitching for Columbia Fireflies : RHP Paul Schaecher
|
|
Batting: LHB Ryan Braden
|
0-0: Called Strike 0-1: Fly out, F7 (Flyball, 7LS, EV 93.8 MPH)
|
|
Batting: RHB Jack Power
|
0-0: Ball 1-0: Swinging Strike 1-1: Ball 2-1: Foul Ball, location: 2F 2-2: Strikes out swinging
|
|
Batting: LHB Jeremy Larson
|
0-0: Ball 1-0: Fly out, F7 (Flyball, 7LM, EV 84.4 MPH)
|
| Top of the 2nd over - 0 runs, 0 hits, 0 errors, 0 left on base; Mississippi 0 - Columbia 0 |
| BOTTOM OF THE 2ND |
|
Columbia Fireflies batting - Pitching for Mississippi Braves : RHP Nate Davis
|
|
Batting: RHB Mike Phillips
|
0-0: Swinging Strike 0-1: Ball 1-1: SINGLE (Flyball, 7, EV 91.9 MPH)
|
|
Batting: RHB Bobby Campbell
|
0-0: Called Strike 0-1: Called Strike 0-2: Strikes out swinging
|
|
Batting: RHB Jonathan Jelich
|
0-0: Ball 1-0: Ball 2-0: Ball 3-0: Called Strike 3-1: Base on Balls Mike Phillips to second
|
|
Batting: LHB Chris Carter
|
0-0: Ball 1-0: Ball 2-0: Ball 3-0: Called Strike 3-1: Base on Balls Mike Phillips to third Jonathan Jelich to second
|
|
Batting: RHB Ricky Trejo
|
0-0: Called Strike 0-1: Ball 1-1: Swinging Strike 1-2: Strikes out looking
|
|
Batting: RHB Billy Walker
|
0-0: Ball 1-0: Called Strike 1-1: Foul Ball, location: 2F 1-2: Foul Ball, location: 2F 1-2: Foul Ball, location: 2F 1-2: Ball 2-2: Strikes out swinging
|
| Bottom of the 2nd over - 0 runs, 1 hit, 0 errors, 3 left on base; Mississippi 0 - Columbia 0 |
| TOP OF THE 3RD |
|
Mississippi Braves batting - Pitching for Columbia Fireflies : RHP Paul Schaecher
|
|
Batting: RHB Zachary Sidney
|
0-0: Ball 1-0: Swinging Strike 1-1: SINGLE (Line Drive, 7S, EV 102.5 MPH)
|
|
Batting: RHB Yorkis Saiki
|
0-0: Ball 1-0: Ball 2-0: Ball 3-0: Called Strike 3-1: Foul Ball, location: 2F 3-2: Strikes out swinging
|
|
Batting: RHB Edwin Cota
|
0-0: Swinging Strike 0-1: Called Strike 0-2: Foul Ball, location: 2F 0-2: Fielders Choice at 2nd, 5-4 (Groundball, 56, EV 78.8 MPH)
|
|
Batting: LHB Rodolfo Cano
|
0-0: Called Strike Edwin Cota steals 2nd base 0-1: Ball 1-1: Ball 2-1: Swinging Strike 2-2: Ball 3-2: Base on Balls
|
|
Batting: LHB Raul Guarjardo
|
0-0: Ground out 4-3 (Groundball, 4, EV 89.4 MPH)
|
| Top of the 3rd over - 0 runs, 1 hit, 0 errors, 2 left on base; Mississippi 0 - Columbia 0 |
| BOTTOM OF THE 3RD |
|
Columbia Fireflies batting - Pitching for Mississippi Braves : RHP Nate Davis
|
|
Batting: LHB Roy Riess
|
0-0: Ball 1-0: Ball 2-0: Called Strike 2-1: Ground out 4-3 (Groundball, 4, EV 92.5 MPH)
|
|
Batting: LHB Pete DeHart
|
0-0: Ground out 4-3 (Groundball, 4D, EV 83.8 MPH)
|
|
Batting: RHB Jeff MacPhee
|
0-0: Foul Ball, location: 2F 0-1: Called Strike 0-2: Foul Ball, location: 2F 0-2: Ball 1-2: Ground out 4-3 (Groundball, 34, EV 105.6 MPH)
|
| Bottom of the 3rd over - 0 runs, 0 hits, 0 errors, 0 left on base; Mississippi 0 - Columbia 0 |
| TOP OF THE 4TH |
|
Mississippi Braves batting - Pitching for Columbia Fireflies : RHP Paul Schaecher
|
|
Batting: RHB Tim Nettles
|
0-0: Foul Ball, location: 2F 0-1: Ball 1-1: Ball 2-1: Swinging Strike 2-2: Ground out 4-3 (Groundball, 4S, EV 85.6 MPH)
|
|
Batting: LHB Ryan Braden
|
0-0: Foul Ball, location: 2F 0-1: TRIPLE (Line Drive, 8RXD, EV 102.5 MPH)
|
|
Batting: RHB Jack Power
|
0-0: Ball 1-0: Called Strike 1-1: Foul Ball, location: 2F 1-2: Foul Ball, location: 2F 1-2: Fly out, F9 (Flyball, 9LM, EV 85.0 MPH) Runner from 3rd tags up, OUT at HOME! 9-2
|
| Top of the 4th over - 0 runs, 1 hit, 0 errors, 0 left on base; Mississippi 0 - Columbia 0 |
| BOTTOM OF THE 4TH |
|
Columbia Fireflies batting - Pitching for Mississippi Braves : RHP Nate Davis
|
|
Batting: RHB Mike Phillips
|
0-0: Called Strike 0-1: Foul Ball, location: 2F 0-2: Ball 1-2: Foul Ball, location: 2F 1-2: Ball 2-2: Foul Ball, location: 2F 2-2: Foul Ball, location: 2F 2-2: Foul Ball, location: 2F 2-2: Ball 3-2: Base on Balls
|
|
Batting: RHB Bobby Campbell
|
0-0: Foul Ball, location: 2F 0-1: Fielders Choice at 2nd, 3-6 (Groundball, 34, EV 80.6 MPH)
|
|
Batting: RHB Jonathan Jelich
|
0-0: Ball 1-0: Called Strike 1-1: Ball 2-1: Fly out, F4 (Line Drive, 4, EV 65.0 MPH)
|
|
Batting: LHB Chris Carter
|
0-0: Ball 1-0: SINGLE (Groundball, 3D, EV 107.5 MPH) Bobby Campbell to second Runner from 2nd tries for 3rd, SAFE, throw by RF made to third Chris Carter to second
|
|
Batting: RHB Ricky Trejo
|
0-0: Swinging Strike 0-1: TRIPLE (Flyball, 78XD, EV 96.9 MPH) Bobby Campbell scores Chris Carter scores
|
|
Batting: RHB Billy Walker
|
0-0: Ball 1-0: SINGLE (Flyball, 6D, EV 94.4 MPH) Ricky Trejo scores
|
|
Batting: LHB Roy Riess
|
0-0: Ball 1-0: Ball Pickoff Throw to First - Error! E1 Billy Walker to second 2-0: Ball 3-0: Base on Balls
|
|
Batting: LHB Pete DeHart
|
0-0: Ball 1-0: Foul Ball, location: 2F 1-1: Ball 2-1: Foul Ball, location: 2F 2-2: Ball 3-2: Base on Balls Billy Walker to third Roy Riess to second
|
|
Batting: RHB Jeff MacPhee
|
0-0: Called Strike 0-1: Called Strike 0-2: Ball 1-2: Foul Ball, location: 2F 1-2: Ground out 4-3 (Groundball, 34, EV 103.1 MPH)
|
| Bottom of the 4th over - 3 runs, 3 hits, 1 error, 3 left on base; Mississippi 0 - Columbia 3 |
| TOP OF THE 5TH |
|
Mississippi Braves batting - Pitching for Columbia Fireflies : RHP Paul Schaecher
|
|
Batting: LHB Jeremy Larson
|
0-0: Swinging Strike 0-1: Swinging Strike 0-2: Ball 1-2: Foul Ball, location: 2F 1-2: Strikes out looking
|
|
Batting: RHB Zachary Sidney
|
0-0: Called Strike 0-1: Called Strike 0-2: Ball 1-2: Strikes out looking
|
|
Batting: RHB Yorkis Saiki
|
0-0: Ball 1-0: Called Strike 1-1: Foul Ball, location: 2F 1-2: Ball 2-2: Foul Ball, location: 2F 2-2: Ground out 4-3 (Groundball, 4, EV 103.1 MPH)
|
| Top of the 5th over - 0 runs, 0 hits, 0 errors, 0 left on base; Mississippi 0 - Columbia 3 |
| BOTTOM OF THE 5TH |
|
Columbia Fireflies batting - Pitching for Mississippi Braves : RHP Nate Davis
|
|
Batting: RHB Mike Phillips
|
0-0: Ball 1-0: Ball 2-0: Foul Ball, location: 2F 2-1: Fly out, F8 (Flyball, 8RD, EV 83.8 MPH)
|
|
Batting: RHB Bobby Campbell
|
0-0: Called Strike 0-1: Swinging Strike 0-2: Foul Ball, location: 2F 0-2: Ball 1-2: Ball 2-2: Ground out 5-3 (Groundball, 56, EV 80.0 MPH)
|
|
Pitching: RHP Jonathan Jacquez
|
|
|
Batting: RHB Jonathan Jelich
|
0-0: Ball 1-0: Foul Ball, location: 2F 1-1: Fly out, F8 (Flyball, 78D, EV 108.1 MPH)
|
| Bottom of the 5th over - 0 runs, 0 hits, 0 errors, 0 left on base; Mississippi 0 - Columbia 3 |
| TOP OF THE 6TH |
|
Mississippi Braves batting - Pitching for Columbia Fireflies : RHP Paul Schaecher
|
|
Batting: RHB Edwin Cota
|
0-0: Ball 1-0: Called Strike 1-1: Ground out 3-1 (Groundball, 34, EV 105.0 MPH)
|
|
Batting: LHB Rodolfo Cano
|
0-0: Ball 1-0: Ground out 4-3 (Groundball, 4, EV 85.6 MPH)
|
|
Batting: LHB Raul Guarjardo
|
0-0: Called Strike 0-1: Ball 1-1: Swinging Strike 1-2: Ball 2-2: Ball 3-2: Base on Balls
|
|
Batting: RHB Tim Nettles
|
0-0: Called Strike 0-1: Called Strike 0-2: Ball 1-2: Ball 2-2: Ball 3-2: Fly out, F9 (Flyball, 89S, EV 89.4 MPH)
|
| Top of the 6th over - 0 runs, 0 hits, 0 errors, 1 left on base; Mississippi 0 - Columbia 3 |
| BOTTOM OF THE 6TH |
|
Columbia Fireflies batting - Pitching for Mississippi Braves : RHP Jonathan Jacquez
|
|
Batting: LHB Chris Carter
|
0-0: Ball 1-0: Called Strike 1-1: Swinging Strike 1-2: Ball 2-2: Strikes out swinging
|
|
Batting: RHB Ricky Trejo
|
0-0: Ball 1-0: DOUBLE (Flyball, 8LD, EV 92.5 MPH)
|
|
Batting: RHB Billy Walker
|
0-0: Ball 1-0: Called Strike 1-1: Foul Ball, location: 2F 1-2: Strikes out looking
|
|
Batting: LHB Roy Riess
|
0-0: Intentional Walk
|
|
Batting: LHB Pete DeHart
|
0-0: Called Strike 0-1: Ball 1-1: DOUBLE (Groundball, 3L, EV 105.6 MPH) Ricky Trejo scores Roy Riess to third Runner from 3rd tries for Home, SAFE, no throw by RF
|
|
Batting: RHB Jeff MacPhee
|
0-0: Ball 1-0: Ball 2-0: Swinging Strike 2-1: Foul Ball, location: 2F 2-2: Ball 3-2: Base on Balls
|
|
Batting: RHB Mike Phillips
|
0-0: Ball 1-0: Foul Ball, location: 2F 1-1: Ball 2-1: SINGLE (Groundball, 34D, EV 100.0 MPH) - runner OUT being hit by batted ball. (infield hit)
|
| Bottom of the 6th over - 2 runs, 3 hits, 0 errors, 2 left on base; Mississippi 0 - Columbia 5 |
| TOP OF THE 7TH |
|
Mississippi Braves batting - Pitching for Columbia Fireflies : RHP Paul Schaecher
|
|
Batting: LHB Ryan Braden
|
0-0: Ball 1-0: Foul Ball, location: 2F 1-1: Foul Ball, location: 2F 1-2: Foul Ball, location: 2F 1-2: Ball 2-2: SINGLE (Line Drive, 4D, EV 96.2 MPH)
|
|
Pitching: RHP Bruce Charles
|
|
|
Batting: RHB Jack Power
|
0-0: Called Strike 0-1: Ball 1-1: Called Strike 1-2: Ball 2-2: Strikes out swinging
|
|
Batting: LHB Jeremy Larson
|
0-0: Ball Ryan Braden steals 2nd base 1-0: Ball 2-0: Ball 3-0: Base on Balls
|
|
Batting: RHB Zachary Sidney
|
0-0: Ball 1-0: Ball 2-0: Foul Ball, location: 2F 2-1: Ball 3-1: Grounds into double play, 6-4-3 (Groundball, 6, EV 90.0 MPH)
|
| Top of the 7th over - 0 runs, 1 hit, 0 errors, 1 left on base; Mississippi 0 - Columbia 5 |
| BOTTOM OF THE 7TH |
|
Columbia Fireflies batting - Pitching for Mississippi Braves : RHP Jonathan Jacquez
|
|
Batting: RHB Bobby Campbell
|
0-0: Ball 1-0: Swinging Strike 1-1: Ground out 6-3 (Groundball, 6M, EV 104.4 MPH)
|
|
Batting: RHB Jonathan Jelich
|
0-0: Ball 1-0: Ball 2-0: Called Strike 2-1: Ground out 5-3 (Groundball, 56, EV 80.0 MPH)
|
|
Batting: LHB Chris Carter
|
0-0: Ball 1-0: Ground out U3 (Groundball, 3, EV 92.5 MPH)
|
| Bottom of the 7th over - 0 runs, 0 hits, 0 errors, 0 left on base; Mississippi 0 - Columbia 5 |
| TOP OF THE 8TH |
|
Mississippi Braves batting - Pitching for Columbia Fireflies : RHP Bruce Charles
|
|
Batting: RHB Yorkis Saiki
|
0-0: Swinging Strike 0-1: Foul Ball, location: 2F 0-2: Strikes out swinging
|
|
Batting: RHB Edwin Cota
|
0-0: Ground out 4-3 (Groundball, 34, EV 110.6 MPH)
|
|
Batting: LHB Rodolfo Cano
|
0-0: Ball 1-0: Called Strike 1-1: Foul Ball, location: 2F 1-2: Foul Ball, location: 2F 1-2: Strikes out swinging
|
| Top of the 8th over - 0 runs, 0 hits, 0 errors, 0 left on base; Mississippi 0 - Columbia 5 |
| BOTTOM OF THE 8TH |
|
Columbia Fireflies batting - Pitching for Mississippi Braves : RHP Jonathan Jacquez
|
|
Batting: RHB Ricky Trejo
|
0-0: Ball 1-0: Foul Ball, location: 2F 1-1: Swinging Strike 1-2: SINGLE (Line Drive, 4MD, EV 106.9 MPH)
|
|
Batting: RHB Billy Walker
|
0-0: Foul Ball, location: 2F 0-1: Foul Ball, location: 2F 0-2: DOUBLE (Line Drive, 9LM, EV 99.4 MPH) Ricky Trejo to third
|
|
Batting: LHB Roy Riess
|
0-0: Ball 1-0: Swinging Strike 1-1: Foul Ball, location: 2F 1-2: Strikes out looking
|
|
Pitching: LHP Benjamin Pater
|
|
|
Batting: LHB Pete DeHart
|
0-0: Ball 1-0: Called Strike 1-1: Called Strike 1-2: Foul Ball, location: 2F 1-2: Strikes out swinging
|
|
Batting: RHB Jeff MacPhee
|
0-0: Ball 1-0: Ball 2-0: Swinging Strike 2-1: Called Strike 2-2: Strikes out swinging
|
| Bottom of the 8th over - 0 runs, 2 hits, 0 errors, 2 left on base; Mississippi 0 - Columbia 5 |
| TOP OF THE 9TH |
|
Mississippi Braves batting - Pitching for Columbia Fireflies : RHP Bruce Charles
|
|
Batting: LHB Raul Guarjardo
|
0-0: Called Strike 0-1: Ground out U3 (Groundball, 34S, EV 91.2 MPH)
|
|
Batting: RHB Tim Nettles
|
0-0: Ball 1-0: Ball 2-0: Foul Ball, location: 2F 2-1: Foul Ball, location: 2F 2-2: Ball 3-2: Foul Ball, location: 2F 3-2: Strikes out swinging
|
|
Pitching: RHP Battista Aldobrandini
|
|
|
Batting: LHB Ryan Braden
|
0-0: Called Strike 0-1: Ball 1-1: Ball 2-1: SINGLE (Groundball, 4M, EV 98.8 MPH) (infield hit)
|
|
Batting: RHB Jack Power
|
0-0: Ball 1-0: Ball 2-0: Swinging Strike 2-1: Ball 3-1: Called Strike 3-2: Strikes out looking
|
| Top of the 9th over - 0 runs, 1 hit, 0 errors, 1 left on base; Mississippi 0 - Columbia 5 |
|